[Event "Titled Tuesday Blitz October 5 2021"]
[White "Timofeev, Artyom"]
[Black "Vokhidov, Shamsiddin"]
[WhiteFideId "4140419"]
[BlackFideId "14204223"]
[WhiteElo "2905"]
[BlackElo "2892"]
[Result "1/2-1/2"]
[Round "11"]
[TimeControl "180+1"]
[Date "2021.10.05"]
[WhiteClock "0:00:13"]
[BlackClock "0:00:15"]

1. c4 e5 2. e3 Nf6 3. Nc3 Bb4 4. Nge2 c6 5. a3 Ba5 6. b4 Bc7 7. d4 d5 8. cxd5 Nxd5 9. Nxd5 cxd5 10. dxe5 Bxe5 11. Nd4 O-O 12. Bb2 Qf6 13. Be2 Nc6 14. O-O Bf5 15. Bf3 Be4 16. Bxe4 dxe4 17. Qg4 Nxd4 18. Bxd4 Bxd4 19. exd4 Qxd4 20. Rad1 Qe5 21. Rd7 b6 22. Qg3 Qxg3 23. hxg3 Rfd8 24. Rfd1 Rxd7 25. Rxd7 f5 26. Kf1 h5 27. Ke2 Kh7 28. Ke3 Kh6 29. Kf4 g6 30. a4 a5 31. b5 Rc8 32. Rd6 Rc2 33. Ke3 Rc3+ 34. Ke2 Rc4 35. Rxb6 Rxa4 36. Ra6 Kg5 37. b6 Ra2+ 38. Ke3 Ra3+ 39. Kd4 Rb3 40. Kc5 Kg4 41. Rxa5 Rc3+ 42. Kb4 Rc8 43. Rc5 Rb8 44. Kb5 g5 45. Ka6 e3 46. fxe3 Kxg3 47. Rxf5 g4 48. Rxh5 Kxg2 49. e4 Kf3 50. e5 g3 51. Rg5 g2 52. e6 Re8 53. Ka7 Rxe6 54. b7 Re7 55. Ka8 Rxb7 56. Kxb7 Kf2 57. Rxg2+ Kxg2 1/2-1/2


[Site "https://www.chess.com"]

[Event "Titled Tuesday Blitz October 5 2021"]
[White "Tologon tegin, Semetei"]
[Black "Nguyen Hong Nhung"]
[WhiteFideId "13800574"]
[BlackFideId "12412201"]
[WhiteElo "2224"]
[BlackElo "1661"]
[Result "0-1"]
[Round "11"]
[TimeControl "180+1"]
[Date "2021.10.05"]
[WhiteClock "0:00:53"]
[BlackClock "0:01:15"]

1. d4 f5 2. Nc3 Nf6 3. Bf4 d5 4. e3 g6 5. h4 h6 6. Nf3 Nc6 7. Bb5 Bd7 8. Bxc6 bxc6 9. Ne5 Rg8 10. Na4 Ng4 11. Nc5 Nxe5 12. Bxe5 Bg7 13. f4 Bxe5 14. dxe5 e6 15. b4 a5 16. a3 Qb8 17. c3 Bc8 18. Kf2 Ke7 19. Rg1 Ba6 20. g4 Qb5 21. gxf5 gxf5 22. Qh5 Qc4 23. Rac1 Qa2+ 24. Ke1 Rxg1# 0-1


[Site "https://www.chess.com"]

[Event "Titled Tuesday Blitz October 5 2021"]
[White "Tsyhanchuk, Stanislav"]
[Black "ketster"]
[WhiteFideId "13505130"]
[WhiteElo "2078"]
[BlackElo "2547"]
[Result "0-1"]
[Round "11"]
[TimeControl "180+1"]
[Date "2021.10.05"]
[WhiteClock "0:00:04"]
[BlackClock "0:00:09"]

1. d4 Nf6 2. c4 e6 3. Nc3 Bb4 4. Nf3 O-O 5. e3 c5 6. Bd3 d5 7. O-O dxc4 8. Bxc4 Bd7 9. a3 Ba5 10. Qe2 Qe7 11. Rd1 Bc6 12. Ne5 Rc8 13. Ba2 Bxc3 14. bxc3 Ba4 15. Re1 Nc6 16. Nxc6 Rxc6 17. e4 cxd4 18. e5 Nd5 19. Bxd5 exd5 20. cxd4 Rac8 21. Qg4 Rc2 22. Bh6 Qf8 23. f4 Kh8 24. Bg5 f6 25. exf6 gxf6 26. Bh4 Qf7 27. Qf5 R2c6 28. Re3 Bc2 29. Qh3 Be4 30. Rf1 Rg8 31. Rg3 Rxg3 32. Qxg3 Qg6 33. Qxg6 hxg6 34. Re1 Kg7 35. Bf2 Rc3 36. Re3 Rc1+ 37. Re1 Rc2 38. Rb1 b6 39. Ra1 Rd2 40. Rc1 Ra2 41. Rc7+ Kh6 42. Be3 Rxa3 43. Kf2 Ra2+ 44. Ke1 f5 45. g3 Rxh2 46. Rxa7 Rg2 47. Bf2 Rh2 48. Rb7 Rh1+ 49. Kd2 Rb1 50. Rb8 Rb2+ 51. Ke3 Rb3+ 52. Kd2 Kg7 53. Rb7+ Kf6 54. Be3 Rb2+ 55. Kc3 Rb1 56. Kd2 b5 57. Rb6+ Kg7 58. Rb7+ Kh6 59. g4 fxg4 60. f5+ g5 61. f6 Rf1 62. f7 Kg7 63. Bxg5 Rxf7 64. Bh6+ Kg6 65. Rxf7 Kxf7 66. Bf4 Kg6 67. Bg3 b4 68. Kc1 b3 69. Kb2 Bc2 70. Kc3 Kf5 71. Kd2 Ke4 72. Be5 Kf3 73. Kc3 g3 74. Bxg3 Kxg3 75. Kb2 Kf3 76. Kc3 Ke4 77. Kb2 Kxd4 0-1


[Site "https://www.chess.com"]

[Event "Titled Tuesday Blitz October 5 2021"]
[White "Vifleemskaia, Svetlana"]
[Black "Matamoros Franco, Carlos S."]
[WhiteFideId "4129490"]
[BlackFideId "3600017"]
[WhiteElo "1945"]
[BlackElo "2554"]
[Result "1-0"]
[Round "11"]
[TimeControl "180+1"]
[Date "2021.10.05"]
[WhiteClock "0:00:11"]
[BlackClock "0:00:03"]

1. d4 Nf6 2. c4 c5 3. d5 g6 4. Nc3 Bg7 5. e4 d6 6. Nf3 O-O 7. Nd2 e6 8. Be2 Na6 9. O-O Nc7 10. a4 Na6 11. h3 e5 12. g4 h5 13. f3 Nh7 14. Qe1 Bf6 15. Qg3 h4 16. Qg2 Nb4 17. Bd1 Nd3 18. Nb3 Bg5 19. Be2 Nxc1 20. Nxc1 Kh8 21. Nd3 Be3+ 22. Kh2 Bd7 23. f4 exf4 24. Nxf4 Qe7 25. Kh1 Ng5 26. Bd3 Qe5 27. Nce2 Kg7 28. Rab1 Rae8 29. Rbe1 Qxb2 30. Rb1 Qa3 31. Rxb7 Bc8 32. Rxa7 Qb2 33. e5 Bxf4 34. Nxf4 Qxg2+ 35. Kxg2 Rxe5 36. Nxg6 Re3 37. Nxf8 Rg3+ 38. Kf2 Rxd3 39. Ne6+ Nxe6 40. dxe6 Bxe6 41. a5 Bxc4 42. Ra1 Rxh3 43. a6 Rh2+ 44. Ke3 h3 45. Rd7 Rg2 46. a7 Bd5 47. Rxd6 Bb7 48. Rd7 Bc6 49. Rc7 Ba8 50. Rc8 Bd5 51. a8=Q Bxa8 52. Raxa8 h2 53. Rh8 c4 54. Kf3 Rd2 55. Kg3 c3 56. Rxh2 c2 57. Rc8 Rd3+ 58. Kf4 Rd4+ 59. Ke3 Rxg4 60. Rhxc2 Rg6 61. Kf3 Rf6+ 62. Ke4 Re6+ 63. Kf5 Rg6 64. Ke5 Rg5+ 65. Kf4 Rg6 66. R8c5 Rg1 67. Rg5+ Rxg5 68. Kxg5 1-0


[Site "https://www.chess.com"]

[Event "Titled Tuesday Blitz October 5 2021"]
[White "Vlachos, Anatole"]
[Black "Martinez Lopez, David"]
[WhiteFideId "26093189"]
[BlackFideId "22235779"]
[WhiteElo "2350"]
[BlackElo "2402"]
[Result "1/2-1/2"]
[Round "11"]
[TimeControl "180+1"]
[Date "2021.10.05"]
[WhiteClock "0:00:08"]
[BlackClock "0:00:08"]

1. Nf3 Nf6 2. g3 g6 3. Bg2 Bg7 4. O-O O-O 5. d3 d6 6. c4 e5 7. Nc3 Nc6 8. Rb1 a5 9. a3 Nd4 10. e3 Nxf3+ 11. Qxf3 c6 12. h3 Be6 13. b4 axb4 14. axb4 d5 15. cxd5 cxd5 16. e4 d4 17. Nd5 Nxd5 18. exd5 Bd7 19. Re1 Qc8 20. g4 Qc2 21. Bg5 Bb5 22. Bf1 f6 23. Rec1 Qa2 24. Bh4 g5 25. Bg3 Rfc8 26. h4 h6 27. Qf5 Rxc1 28. Rxc1 Qxd5 29. Bg2 Qd7 30. Qxd7 Bxd7 31. Bxb7 Rb8 32. Rc7 Bb5 33. hxg5 hxg5 34. Be4 Be8 35. f3 Bf8 36. Bd5+ Kh8 37. Bf7 Bxf7 38. Rxf7 Bg7 39. Be1 Kg8 40. Rc7 Bf8 41. Rc4 Ra8 42. Rc1 Ra3 43. Rb1 Rxd3 44. Kg2 Ra3 45. b5 Ra7 46. b6 Rb7 47. Ba5 Kf7 48. Rc1 Bd6 49. Kf2 Ke6 50. Ke2 Kd5 51. Rc8 Bc5 52. Rd8+ Kc6 53. Re8 Kb5 54. Bd2 Rxb6 55. Kd3 Rd6 56. Rb8+ Kc6 57. Rc8+ Kd5 58. Ra8 Rb6 59. Ra5 Rb3+ 60. Ke2 Rb2 61. Kd3 Rb3+ 62. Kc2 Rxf3 63. Bb4 Rg3 64. Rxc5+ Ke4 65. Rc6 Rxg4 66. Rxf6 Rf4 67. Rg6 g4 68. Bd2 Rf2 69. Rxg4+ Kd5 70. Rg5 Kd6 71. Kd3 e4+ 72. Kxe4 Rxd2 73. Rg4 Ke6 74. Rg6+ Kd7 75. Ra6 Rd1 76. Ra4 d3 77. Ke3 d2 78. Ke2 Re1+ 79. Kxd2 Rh1 80. Rd4+ Ke7 81. Rg4 Rh2+ 82. Ke3 Kf7 83. Ke4 Rh6 84. Rf4+ Ke7 85. Rg4 Re6+ 86. Kd5 Rd6+ 87. Kc5 Rf6 88. Rg7+ Ke6 89. Kd4 Kf5 90. Rg1 Rd6+ 91. Kc5 Rf6 92. Kd5 Rg6 93. Rf1+ Kg5 94. Ke5 Kh6 95. Kf5 Rg5+ 96. Kf6 Rg6+ 97. Kf7 Rg7+ 98. Kf8 Rg5 99. Rh1+ Kg6 100. Ra1 Rf5+ 101. Kg8 Rg5 102. Ra5 Kh5+ 103. Rxg5+ Kxg5 1/2-1/2


[Site "https://www.chess.com"]

[Event "Titled Tuesday Blitz October 5 2021"]
[White "Vlassov, Nikolai"]
[Black "Ivanisevic, Ivan"]
[WhiteFideId "4103360"]
[BlackFideId "912417"]
[WhiteElo "2407"]
[BlackElo "2499"]
[Result "0-1"]
[Round "11"]
[TimeControl "180+1"]
[Date "2021.10.05"]
[WhiteClock "0:00:04"]
[BlackClock "0:01:42"]

1. e4 c5 2. c3 d5 3. exd5 Qxd5 4. d4 g6 5. dxc5 Qxc5 6. Be3 Qc7 7. Bxa7 Rxa7 8. Qd4 Ra5 9. Qxh8 Nf6 10. Nf3 Nc6 11. Nbd2 Rh5 12. a4 g5 13. Bb5 g4 14. Nd4 Rg5 15. Ne4 Nxe4 16. Qxh7 Nf6 17. Qc2 Re5+ 18. Kf1 Bd7 19. Bxc6 bxc6 20. h4 gxh3 21. gxh3 Nh5 22. b4 Nf4 23. a5 c5 24. a6 cxd4 25. a7 Bb5+ 26. c4 Bxc4+ 27. Qxc4 Qxc4+ 28. Kg1 Rg5+ 29. Kh2 Rg2# 0-1


[Site "https://www.chess.com"]

[Event "Titled Tuesday Blitz October 5 2021"]
[White "Vusatiuk, Vladimir"]
[Black "Aldokhin, Ivan"]
[WhiteFideId "14118610"]
[BlackFideId "24115720"]
[WhiteElo "2167"]
[BlackElo "2231"]
[Result "1-0"]
[Round "11"]
[TimeControl "180+1"]
[Date "2021.10.05"]
[WhiteClock "0:00:44"]
[BlackClock "0:01:27"]

1. d4 Nf6 2. c4 g6 3. Nc3 Bg7 4. e4 d6 5. Be2 O-O 6. Bg5 Nc6 7. d5 Nb4 8. a3 Na6 9. Qd2 Re8 10. b4 e6 11. Nf3 exd5 12. exd5 Qe7 13. O-O Qf8 14. Rae1 Bd7 15. h3 h6 16. Be3 Kh7 17. Bd3 Qh8 18. Bd4 Rxe1 19. Rxe1 Re8 20. c5 dxc5 21. bxc5 Nb8 22. Ne5 Nxd5 23. Nxf7 Bxd4 24. Qxh6+ Kg8 25. Rxe8+ Bxe8 26. Nxh8 Nxc3 27. Nxg6 Nc6 28. Qf8+ Kh7 29. Ne5+ 1-0


[Site "https://www.chess.com"]

[Event "Titled Tuesday Blitz October 5 2021"]
[White "Williams, Justus"]
[Black "Ekdyshman, Mikhail"]
[WhiteFideId "2049929"]
[BlackFideId "4149416"]
[WhiteElo "2210"]
[BlackElo "2256"]
[Result "0-1"]
[Round "11"]
[TimeControl "180+1"]
[Date "2021.10.05"]
[WhiteClock "0:00:03"]
[BlackClock "0:00:02"]

1. b3 d5 2. Bb2 c5 3. e3 a6 4. g3 Nc6 5. Bg2 Nf6 6. Ne2 e5 7. f4 e4 8. d3 Bg4 9. h3 Bxe2 10. Qxe2 Be7 11. Nd2 exd3 12. cxd3 O-O 13. O-O Re8 14. Rac1 Bf8 15. a3 d4 16. e4 Nd5 17. Nc4 b5 18. Qf3 bxc4 19. exd5 Re3 20. Qf2 Na5 21. b4 cxd3 22. bxa5 Re2 23. Qf3 Rxb2 24. Qxd3 Qxa5 25. Rc2 Rxc2 26. Qxc2 Qxa3 27. Kh2 Re8 28. Rb1 d3 29. Qd1 Re2 30. d6 Bxd6 31. Kh1 Rxg2 32. Kxg2 Qa2+ 33. Kf3 Qd5+ 34. Kf2 c4 35. Qf3 Bc5+ 36. Kg2 Qxf3+ 37. Kxf3 c3 38. Rb8+ Bf8 39. Ke3 d2 40. Ke2 g6 41. Rc8 a5 42. Rxc3 Bb4 43. Rc4 Kg7 44. Rc7 h5 45. Rb7 Kf6 46. g4 hxg4 47. hxg4 Ke6 48. Kd1 f6 49. Rb6+ Kf7 50. Kc2 Ke7 51. Ra6 Kf7 52. Ra7+ Ke6 53. Ra6+ Ke7 54. Rc6 Kf7 55. Rb6 Ke7 56. f5 gxf5 57. gxf5 Kf7 58. Rb7+ Ke8 59. Rh7 Kf8 60. Rd7 Ke8 61. Rh7 Kf8 62. Rb7 Ke8 63. Kd1 Kd8 64. Ke2 Ke8 65. Rb5 Kd7 66. Rd5+ Kc6 67. Rd3 a4 68. Kd1 a3 69. Kc2 Kb5 70. Kb3 Kc5 71. Rd8 Ba5 72. Rc8+ Kd6 73. Kc2 a2 0-1


[Site "https://www.chess.com"]

[Event "Titled Tuesday Blitz October 5 2021"]
[White "Yaksin, Oleg"]
[Black "Wagner, Dennis"]
[WhiteFideId "24105880"]
[BlackFideId "24650684"]
[WhiteElo "2256"]
[BlackElo "2355"]
[Result "0-1"]
[Round "11"]
[TimeControl "180+1"]
[Date "2021.10.05"]
[WhiteClock "0:00:03"]
[BlackClock "0:00:06"]

1. d4 Nf6 2. c4 e6 3. g3 Bb4+ 4. Bd2 Be7 5. Bg2 d5 6. Nf3 O-O 7. O-O Nbd7 8. Qc2 c6 9. Bf4 a5 10. Rd1 Nh5 11. Be3 f5 12. Nc3 Bd6 13. b3 Qe7 14. Bd2 Nhf6 15. Bf4 Bxf4 16. gxf4 Ne4 17. e3 Kh8 18. Nxe4 fxe4 19. Ne5 Nxe5 20. fxe5 Qh4 21. Rf1 Bd7 22. f4 exf3 23. Rxf3 Rxf3 24. Bxf3 Rf8 25. Bg2 Be8 26. Qd2 Bg6 27. Rf1 Rxf1+ 28. Bxf1 Be4 29. Qf2 Qg5+ 30. Qg3 Qh5 31. Qf4 h6 32. c5 Qd1 33. Kf2 Qd2+ 34. Kg3 Qxa2 35. Bh3 Qb1 36. Qf2 Bf5 37. Bxf5 exf5 38. e6 Qe4 39. Qf4 Qxe6 40. Qb8+ Kh7 41. Qf4 Qe4 42. Qf2 g5 43. h3 Kg6 44. Kh2 f4 45. Qf1 Qxe3 46. Qb1+ Kf6 47. Qh7 Qg3+ 48. Kh1 Qxh3+ 49. Kg1 Qe3+ 50. Kf1 Qf3+ 51. Kg1 Qe3+ 52. Kf1 Qc1+ 53. Kf2 Qd2+ 54. Kf1 Qd1+ 55. Kf2 Qh5 56. Qh8+ Kf5 57. Qe5+ Kg4 0-1


[Site "https://www.chess.com"]

[Event "Titled Tuesday Blitz October 5 2021"]
[White "Yeritsyan, Hayk"]
[Black "King, Alexander"]
[WhiteFideId "13307320"]
[BlackFideId "2063620"]
[WhiteElo "2429"]
[BlackElo "2306"]
[Result "1-0"]
[Round "11"]
[TimeControl "180+1"]
[Date "2021.10.05"]
[WhiteClock "0:00:37"]
[BlackClock "0:00:01"]

1. e4 c5 2. Nc3 e6 3. f4 d5 4. Nf3 d4 5. Ne2 Nc6 6. d3 Nf6 7. g3 Be7 8. Bg2 b5 9. O-O O-O 10. h3 a5 11. g4 a4 12. Ng3 c4 13. g5 Nd7 14. h4 Nc5 15. h5 cxd3 16. cxd3 Nb4 17. Ne1 e5 18. Nf5 Bxf5 19. exf5 Ra6 20. h6 g6 21. fxg6 fxg6 22. Bd2 Nbxd3 23. Nxd3 Nxd3 24. Qe2 Nxf4 25. Qxb5 Bxg5 26. Qxa6 Bxh6 27. Rae1 d3 28. Rxe5 Ne2+ 29. Rxe2 dxe2 30. Rxf8+ Qxf8 31. Qxe2 Qc5+ 32. Kh1 Bxd2 33. Qxd2 Qe7 34. Qd5+ Kg7 35. Qd4+ Kh6 36. Qd2+ Kg7 37. Kg1 h5 38. a3 Kh7 39. Qf2 Qa7 40. Qxa7+ 1-0


[Site "https://www.chess.com"]

[Event "Titled Tuesday Blitz October 5 2021"]
[White "Yoo, Christopher Woojin"]
[Black "Indjic, Aleksandar"]
[WhiteFideId "30909694"]
[BlackFideId "911925"]
[WhiteElo "2968"]
[BlackElo "2896"]
[Result "1-0"]
[Round "11"]
[TimeControl "180+1"]
[Date "2021.10.05"]
[WhiteClock "0:00:28"]
[BlackClock "0:00:25"]

1. e4 c5 2. Nf3 d6 3. d4 cxd4 4. Nxd4 Nf6 5. Nc3 a6 6. h4 h6 7. Qf3 g6 8. Bc4 Bg7 9. h5 Bg4 10. Qg3 e5 11. hxg6 exd4 12. gxf7+ Kf8 13. Bf4 d5 14. Nxd5 Be6 15. Bc7 Nxe4 16. Qf4 Qd7 17. Qxe4 Bxd5 18. Bd6+ Kxf7 19. Bxd5+ Kf6 20. Be5+ Ke7 21. Bxg7+ Kd6 22. Bxh8 1-0


[Site "https://www.chess.com"]

[Event "Titled Tuesday Blitz October 5 2021"]
[White "Zaitsev, Alexander"]
[Black "Seletsky, Grigory"]
[WhiteFideId "4164490"]
[BlackFideId "14112191"]
[WhiteElo "2317"]
[BlackElo "2492"]
[Result "1-0"]
[Round "11"]
[TimeControl "180+1"]
[Date "2021.10.05"]
[WhiteClock "0:00:25"]
[BlackClock "0:00:00"]

1. e4 e6 2. d4 d5 3. Nc3 Nc6 4. Nf3 Nf6 5. e5 Ne4 6. Bd3 Bb4 7. Bd2 Bxc3 8. bxc3 Nxd2 9. Qxd2 b6 10. h4 Qe7 11. h5 f5 12. exf6 gxf6 13. O-O Bb7 14. Rfe1 O-O-O 15. Bb5 Kb8 16. Re2 Rhg8 17. Rae1 Rd6 18. Qh6 Nd8 19. Bd3 Rg7 20. g3 e5 21. Nh4 e4 22. Nf5 Qf8 23. Qxg7 Qxg7 24. Nxg7 exd3 25. cxd3 Ba6 26. Re8 Kb7 27. Nf5 Rd7 28. R1e7 Rxe7 29. Nxe7 Nc6 30. Nxc6 Kxc6 31. Re6+ Kb5 32. Rxf6 Ka4 33. Rc6 Bxd3 34. Rxc7 a5 35. f4 Ka3 36. g4 b5 37. f5 Kxa2 38. f6 a4 39. f7 1-0